Unix NetHack Version 5.0.0-0 post-release - last build May 22 2026 02:22:16 (99d1c3b6dc4b13757aaa5824b55bdea4e1e63757,branch:main).

Game began 2026-05-22 22:55:08, ended 2026-05-22 23:18:39.

ArrBianca, lawful female dwarven Archeologist

                                   ---...-                      ---..
                                   -......                     .......
                                  -....... .---------.--+-     .......
                               .......G...|...............---- ...{...
                            ..--..........|-..-----|---.-..... .......
                           -........|....-- ....-       ---..| .......
                        ..|...|..   |...--   |...-         ..|   ..--
        -----------    -....--        ......---...------   ..-
        |**[?%.!(?|    ......-         -...........|...|   ...|..
     -  |@@m))....|    ...{...         -----.......|...---....|.--
    --. --|--------.. -.......                 --..|.............|
    |....(...........--......-                  ---|.....|....|..-
    -+--........--|-.....-+--                      --...----..|    |.-
       ---..-|---..----.                            --..|  .---   .....
         |.-|.. |..                                  |..| #      -.....-
         -.--|---|-                                  |..|-%-------.|....|..
         ..  .  ..                                   |..--.........| --.....|
        ----------                                   --.......-----   ---..<|
                                                      ------             ----
ArrBianca the Field Worker  St:16 Dx:11 Co:13 In:16 Wi:13 Ch:7  Lawful
Dlvl:7  $:1271 HP:0(43) Pw:14(14) AC:5  Xp:5 T:2769 

Latest messages:
 You lash the small mimic.
 You miss the small mimic.
 The small mimic hits!
 You miss the small mimic.
 The small mimic hits!
 You lash the small mimic.
 You don't know any spells right now.
 In what direction? l
 The dart misses the small mimic.
 You relinquish a dart and receive 1 gold piece in compensation.
 In what direction? l
 The dart misses the small mimic.
 You relinquish a dart and receive 1 gold piece in compensation.
 In what direction? l
 The dart hits the small mimic.
 In what direction? l
 The dart hits the small mimic.
 In what direction? l
 The dart misses the small mimic.
 You relinquish a dart and receive 1 gold piece in compensation.
 In what direction? l
 The dart misses the small mimic.
 You relinquish a dart and receive 1 gold piece in compensation.
 You hear someone cursing shoplifters.
 In what direction? l
 The dart misses the small mimic.
 You relinquish a dart and receive 1 gold piece in compensation.
 You hear some noises.
 In what direction? l
 The dart hits the small mimic.
 In what direction? l
 Snap!
 What do you want to throw? [$xD or ?*] x
 In what direction? l
 The runed dagger hits the small mimic.
 An elven dagger; you relinquish it and receive 2 gold pieces in compensation.
 What do you want to throw? [$D or ?*] <esc>
 Never mind.
 You don't know any spells right now.
 You lash the small mimic.
 You lash the small mimic.
 You lash the small mimic.
 You lash the small mimic.
 The small mimic hits!
 You lash the small mimic.
 You lash the small mimic.
 The small mimic hits!
 You die...
 Ouiatchouane gratefully inherits all your possessions.
 Do you want to see what you had when you died? [ynq] (y) q

Inventory:
 Coins    ('$')
  $ - 1271 gold pieces
 Weapons  (')')
  D - 8 poisoned +0 darts
  a - a +2 bullwhip (weapon in right hand)
 Armor    ('[')
  c - an uncursed +0 fedora (being worn)
  l - an uncursed +0 orcish helm
  I - an uncursed +0 pair of iron shoes (being worn)
  m - an uncursed +0 shield of reflection (being worn)
  N - a blessed +0 dwarvish cloak (being worn)
  b - an uncursed +0 leather jacket (being worn)
 Comestibles  ('%')
  d - 4 uncursed food rations
  C - 2 uncursed homemade tins of gnome meat
  s - 2 uncursed homemade tins of yellow mold
  B - an uncursed rotten tin of shrieker
 Scrolls  ('?')
  p - an uncursed scroll of charging
  k - a blessed scroll of confuse monster
  n - an uncursed scroll of destroy armor
  A - an uncursed scroll of magic mapping
  z - 2 uncursed scrolls of remove curse
  q - an uncursed scroll of stinking cloud
 Potions  ('!')
  r - an uncursed potion of invisibility
 Wands    ('/')
  j - a wand of teleportation (0:4)
 Tools    ('(')
  h - an uncursed sack containing 2 items
  E - an uncursed leash
  K - an uncursed tin opener
  f - a tinning kit (0:72)
 Gems/Stones  ('*')
  w - an uncursed worthless piece of orange glass
  g - an uncursed touchstone

Contents of the sack:
  an uncursed jet stone
  2 uncursed opals

ArrBianca the Archeologist's attributes:

Background:
 You were a Field Worker, a level 5 female dwarven Archeologist.
 You were lawful, nominally on a mission for Quetzalcoatl
 who was opposed by Camaxtli (neutral) and Huhetotl (chaotic).
 You were right-handed.
 You were in the Gnomish Mines, on level 7.
 You entered the dungeon 2769 turns ago.
 It was nighttime.
 You had 177 experience points, 143 more were needed to attain level 6.

Basics:
 You had 0 out of 43 hit points.
 You had all 14 energy points (spell power).
 Your armor class was 5.
 Your wallet contained 1271 zorkmids.
 Autopickup was on for '$?!/="+%' plus thrown, with exceptions.

Final Characteristics:
 Your strength was 16 (limit:18/100).
 Your dexterity was 11 (limit:20).
 Your constitution was 13 (limit:20).
 Your intelligence was 16 (limit:16).
 Your wisdom was 13 (limit:16).
 Your charisma was 7 (limit:16).

Final Status:
 You weren't hungry.
 You were unencumbered.
 You were wielding a whip.
 You had basic skill with whip.

Final Attributes:
 You were piously aligned.
 Your items were somewhat protected from fire.
 Your items were somewhat protected from cold.
 You were telepathic.
 You had automatic searching.
 You had infravision.
 You were stealthy.
 You were warded.
 You had reflection.
 You were lucky.
 You are dead.

Miscellaneous:
 You didn't encounter any bones levels.
 Total elapsed playing time was 21 minutes and 20 seconds.

Major events:
 Turn
    1: ArrBianca the lawful female dwarven Archeologist entered the dungeon
 1015: attained the rank of Field Worker (level 3)
 1784: entered the Gnomish Mines
 2479: reached Mine Town
 2769: killed by a small mimic

You didn't know any spells.

Skills:
 Fighting Skills
   bare handed combat [Unskilled]
   two weapon combat  [Unskilled]
   riding             [Unskilled]
 Weapon Skills
   dagger             [Unskilled]
   knife              [Unskilled]
   pick-axe           [Basic]
   short sword        [Unskilled]
   saber              [Unskilled]
   club               [Unskilled]
   quarterstaff       [Unskilled]
   sling              [Unskilled]
   dart               [Unskilled]
   boomerang          [Unskilled]
   whip               [Basic]
   unicorn horn       [Unskilled]
 Spellcasting Skills
   attack spells      [Unskilled]
   healing spells     [Unskilled]
   divination spells  [Unskilled]
   matter spells      [Unskilled]

Voluntary challenges:
 Character rerolling was not enabled.
 You were an atheist.
 You never genocided any monsters.
 You never polymorphed an object.
 You never changed form.
 You used no wishes.
Achievements:
 You entered a shop.
 You attained the rank of Field Worker.
 You entered the Gnomish Mines.
 You entered Minetown.

 The Dungeons of Doom: levels 1 to 5
    Level 1:
       Many fountains.
    Level 2:
       Some fountains, a grave.
    Level 3:
       A general store.
    Level 4:
       Some fountains.
       Stairs down to The Gnomish Mines.
    Level 5:
 The Gnomish Mines: levels 5 to 7
    Level 5:
    Level 6:
    Level 7: <- You were here.
       A general store, some fountains.
       Final resting place for
          you, killed by a small mimic.


Vanquished creatures:
  a rock mole
  a fog cloud
  a yellow light
  2 gnome leaders
  a floating eye
  a kitten
  2 dwarves
  a homunculus
  a kobold leader
  a centipede
  3 iguanas
  a hobbit
  6 manes
  a large kobold
  2 giant rats
  3 yellow molds
 16 gnomes
  a garter snake
  a gnome zombie
  a gecko
  5 jackals
  2 kobolds
  2 goblins
  a sewer rat
  8 grid bugs
  4 lichens
  2 kobold zombies
  7 newts
78 creatures vanquished.

No species were genocided or became extinct.

Game over:
                       ----------
                      /          \
                     /    REST    \
                    /      IN      \
                   /     PEACE      \
                  /                  \
                  |    ArrBianca     |
                  |     1271 Au      |
                  |   killed by a    |
                  |   small mimic    |
                  |                  |
                  |                  |
                  |       2026       |
                 *|     *  *  *      | *
        _________)/\\_//(\/(/\)/\//\/|_)_______

Goodbye ArrBianca the Archeologist...

You died in The Gnomish Mines on dungeon level 7 with 2152 points,
and 1271 pieces of gold, after 2769 moves.
You were level 5 with a maximum of 43 hit points when you died.

